 Dungeon Crawl Stone Soup version 0.17.2-1-ge4368a0 (webtiles) character file.

28 tidbits the Insei (level 2, 1/22 HPs)
             Began as a Demigod Transmuter on Aug 28, 2017.
             Quit the game on level 2 of the Dungeon.
             The game lasted 00:03:27 (359 turns).

tidbits the Insei (Demigod Transmuter)               Turns: 359, Time: 00:03:28

Health: 1/22       AC:  3    Str: 13    XL:     2   Next: 78%
Magic:  5/7        EV: 12    Int: 17    God:
Gold:   37         SH:  0    Dex: 16    Spells: 2 memorised, 2 levels left

rFire  + . .     SeeInvis .       - Unarmed
rCold  + + .     Clarity  .     b - +0 robe
rNeg   . . .     SustAt   +     (no shield)
rPois  +         Gourm    .     (no helmet)
rElec  +         Spirit   .     (no cloak)
rCorr  +         Warding  .     h - +0 pair of gloves
rMut   .         Stasis   .     (boots currently unavailable)
MR     .....                    (no amulet)
Stlth  +.........               (no ring)
                                k - ring of protection from cold

@: lethally poisoned (1 -> -1), appendage (expiring), resistant, not resistant
to hostile enchantments, very unstealthy
A: talons 3, high mp 1, sustain attributes
a: End Transformation


You were on level 2 of the Dungeon.
You were not hungry.
You had grown temporary talons.
You visited 1 branch of the dungeon, and saw 2 of its levels.

You collected 37 gold pieces.

Inventory:

Missiles
 a - 21 arrows
 g - 7 tomahawks (quivered)
Armour
 b - a +0 robe (worn)
 h - a +0 pair of gloves (worn)
   (You found it on level 2 of the Dungeon)
Jewellery
 k - a ring of protection from cold (left hand)
   (You found it on level 2 of the Dungeon)
Scrolls
 e - a scroll of recharging
 r - a scroll of remove curse
Books
 c - a book of Changes

   Spells                             Type                      Level
   a - Beastly Appendage              Transmutation                1
   b - Sticks to Snakes               Transmutation                2
   c - Spider Form                    Transmutation/Poison         3
   d - Ice Form                       Ice/Transmutation            4
   e - Blade Hands                    Transmutation                5
Comestibles
 d - 2 bread rations
 f - 2 chunks of flesh
 j - a meat ration


   Skills:
 - Level 0.8 Fighting
 - Level 1.7 Dodging
 * Level 3.3 Unarmed Combat
 - Level 2.0 Spellcasting
 + Level 2.2 Transmutations


You had 2 spell levels left.
You knew the following spells:

 Your Spells              Type           Power        Failure   Level  Hunger
e - Beastly Appendage     Trmt           #.....       10%         1    #......
k - Sticks to Snakes      Trmt           #.........   14%         2    ###....


Dungeon Overview and Level Annotations

Branches:
Dungeon (2/15)


Innate Abilities, Weirdness & Mutations

You have an increased reservoir of magic (+10% MP).
Your attributes are resistant to harm.
You have claws for feet.


Message History

You see here a bread ration.
d - 2 bread rations (gained 1)
A quokka comes into view.
The quokka closely misses you. The quokka barely misses you.
A rat comes into view.
An adder comes into view.
The rat bites you but does no damage.
The quokka bites you but does no damage.
The quokka closely misses you.
Casting: Beastly Appendage
Confirm with . or Enter, or press ? or * to list all spells.
Your feet morph into talons.
The quokka bites you but does no damage.
You closely miss the quokka. The quokka closely misses you.
You hit the quokka but do no damage.
The quokka bites you but does no damage.
You hit the quokka. You claw the quokka.
The quokka is severely wounded.
The quokka closely misses you.
You barely miss the quokka.
The quokka is severely wounded.
The quokka closely misses you.
You hit the quokka.
You kill the quokka!
You hit the ball python.
You kill the ball python!
You hit the rat. You claw the rat.
You kill the rat!
You see here a ball python corpse.
You butcher the ball python corpse.
f - 2 chunks of flesh You see here a ball python skeleton.
Your transformation is almost over.
Your talons disappear.
Found 15 gold pieces and a slice of pizza.
Found a purple potion.
You now have 37 gold pieces (gained 15).
Found a stone staircase leading up.
Found a stone staircase leading down.
Found a dagger.
You see here a purple potion.
i - a purple potion
Casting: Beastly Appendage
Confirm with . or Enter, or press ? or * to list all spells.
Your feet morph into talons.
Casting: Beastly Appendage
Confirm with . or Enter, or press ? or * to list all spells.
You create a snake!
What do you say? t - Shout!
Orders for allies: a - Attack new target. r - Retreat! s - Stop attacking. w - Wait here. f - Follow me.
Anything else - Stay silent.
Gang up on whom?
Press: ? - help, Dir - move target cursor, f - adder
Aim: an adder
Okay, then.
The adder bites you.
* * * LOW HITPOINT WARNING * * *
You are poisoned.
The adder poisons you!
Found a large emerald ring.
You barely miss the adder. Your kick misses the adder.
You feel sick. The adder closely misses you.
Your adder bites the adder.
The adder is poisoned.
Your adder poisons the adder!
You miss the adder. Your kick misses the adder.
The adder is moderately wounded.
The adder barely misses you.
Your adder barely misses the adder.
You barely miss the adder.
The adder is heavily wounded.
You feel sick. The adder bites you.
* * * LOW HITPOINT WARNING * * *
Your adder barely misses the adder.
You hit the adder. You claw the adder.
You kill the adder!
Found a beef jerky.
A quokka comes into view.
Your transformation is almost over.
* * * LOW HITPOINT WARNING * * *
You feel sick.
You see here a large emerald ring.
k - a large emerald ring Read which item? (? for menu, Esc to quit)
Okay, then.
Drink which item? (? for menu, Esc to quit)
It was a potion of resistance.
You feel protected.
You swap places.
* * * LOW HITPOINT WARNING * * *
You feel sick. The quokka bites you.
* * * LOW HITPOINT WARNING * * *
Your adder barely misses the quokka.
Put on which piece of jewellery? (? for menu, Esc to quit)
k - a ring of protection from cold (left hand)
The quokka barely misses you.
You aren't carrying any potions.
Unknown command.
Are you sure you want to abandon this character and quit the game? (Confirm with "yes".)

####....## ###...
....###.#
.........##....####.##
#.##
.......#....####...
#####...
......##...###...
#....... .....#
##....#.######.##....
..... #.##..........
#.... %....
.<.####...##.# ...$..
....
######......#......$..
...
#S@......>...##....
#.r..........# #....
.....#...........
#....
..................
###.....##..).....
#................
...#..... ....%..
................


You could see a quokka and a friendly adder.

Vanquished Creatures
  2 adders (D:2)
  A giant cockroach (D:1)
  A goblin (D:2)
  2 hobgoblins
  2 kobolds (D:1)
  A quokka (D:2)
  A ball python (D:2)
  A bat (D:1)
  2 rats
13 creatures vanquished.

Notes
Turn   | Place    | Note
--------------------------------------------------------------
     0 | D:1      | tidbits the Demigod Transmuter began the quest for the Orb.
     0 | D:1      | Reached XP level 1. HP: 15/15 MP: 5/5
    83 | D:1      | Reached skill level 2 in Spellcasting
   238 | D:1      | Reached skill level 2 in Transmutations
   260 | D:2      | Reached skill level 3 in Unarmed Combat
   260 | D:2      | Reached XP level 2. HP: 10/22 MP: 5/7
   268 | D:2      | Learned a level 2 spell: Sticks to Snakes
   357 | D:2      | HP: 1/22 [quokka (2)]
   359 | D:2      | Quit the game

Action                   || total
-------------------------++-------
Melee: Unarmed           ||    36
 Cast: Beastly Appendage ||    10
       Sticks to Snakes  ||     1
  Use: Scroll            ||     2
       Potion            ||     2
 Stab: Sleeping          ||     2

Table legend:
 A = Turns spent in this place as a percentage of turns spent in the entire game.
 B = Non-inter-level travel turns spent in this place as a percentage of non-inter-level travel turns spent in the entire game.
 C = Inter-level travel turns spent in this place as a percentage of turns spent in this place.
 D = Turns resting spent in this place as a percentage of non-inter-level travel turns spent in this place.
 E = Turns spent auto-exploring this place as a percentage of non-inter-level travel turns spent in this place.
 F = Non-inter-level travel turns spent in this place divided by the number of levels of this place that you've seen.
                   A       B       C       D       E      F
               +-------+-------+-------+-------+-------+----------------------
         Total | 100.0 | 100.0 |   0.0 |   0.0 |   0.0 | 176.0
       Dungeon | 100.0 | 100.0 |   0.0 |   0.0 |   0.0 | 176.0
               +-------+-------+-------+-------+-------+----------------------

Table legend:
 A = Kills in this place as a percentage of kills in entire the game.
 B = Kills by you in this place as a percentage of kills by you in the entire game.
 C = Kills by friends in this place as a percentage of kills by friends in the entire game.
 D = Other kills in this place as a percentage of other kills in the entire game.
 E = Experience gained in this place as a percentage of experience gained in the entire game.
 F = Experience gained in this place divided by the number of levels of this place that you have seen.
                   A       B       C       D       E      F
               +-------+-------+-------+-------+-------+----------------------
         Total | 100.0 | 100.0 |  -nan |  -nan | 100.0 |  20.5
       Dungeon | 100.0 | 100.0 |  -nan |  -nan | 100.0 |  20.5
               +-------+-------+-------+-------+-------+----------------------

Vault maps used:
D:1:      minmay_arrival_five_plusses, wad_woods_river_04, minmay_fountain_box
